 Seeded DCSS version 0.27-a0-263-gc8dee61f84 (webtiles) character file.

Game seed: 202102051010 (custom seed)

40 muata the Chiller (level 3, 0/24 HPs)
             Began as a Merfolk Ice Elementalist on Feb 5, 2021.
             Slain by an adder (2 damage)
             ... on level 2 of the Dungeon.
             The game lasted 00:03:23 (1800 turns).

muata the Chiller (Merfolk Ice Elementalist)        Turns: 1800, Time: 00:03:23

Health: 0/24       AC:  2    Str:  8    XL:     3   Next: 50%
Magic:  6/6        EV: 13    Int: 15    God:
Gold:   59         SH:  0    Dex: 14    Spells: 5/6 levels left

rFire    . . .     SeeInvis .   e - +0 spear
rCold    . . .     Faith    .   (no shield)
rNeg     . . .     Spirit   .   a - +0 robe
rPois    .         Reflect  .   (no helmet)
rElec    .         Harm     .   (no cloak)
rCorr    .         Rampage  .   (no gloves)
Will     .....                  (no boots)
Stlth    ++........             (no amulet)
HPRegen  0.08/turn              (no ring)
MPRegen  0.10/turn              (no ring)

@: lethally poisoned (0 -> -6)
A: change form in water, swift swim, stealthy swim
a: no special abilities


You were on level 2 of the Dungeon.
You visited 1 branch of the dungeon, and saw 2 of its levels.

You collected 59 gold pieces.

Inventory:

Hand Weapons
 e - a +0 spear (weapon)
Missiles
 b - 32 stones
 l - 6 atropa-tipped darts
Armour
 a - a +0 robe (worn)
Jewellery
 k - an uncursed ring of resist corrosion {unknown}
Scrolls
 c - a scroll of remove curse {unknown}
 f - 2 scrolls of identify {unknown}
 h - a scroll of magic mapping {unknown}
 i - a scroll of fear {unknown}
Potions
 d - a potion of brilliance {unknown}
 g - 2 potions of flight {unknown}
 j - a potion of invisibility {unknown}
 m - a potion of heal wounds {unknown}


   Skills:
 + Level 1.4 Polearms
 + Level 3.2 Dodging
 + Level 2.5 Stealth
 + Level 2.3 Spellcasting
 + Level 4.9 Ice Magic


You had 5 spell levels left.
You knew the following spells:

 Your Spells              Type           Power        Failure   Level
a - Freeze                Ice            64%          2%          1

Your spell library contained the following spells:

 Spells                   Type           Power        Failure   Level
 Frozen Ramparts          Ice            32%          9%          3
 Ozocubu's Armour         Ice            16%          9%          3
 Hailstorm                Conj/Ice       9%           61%         4
 Summon Ice Beast         Ice/Summ       9%           61%         4


Dungeon Overview and Level Annotations

Branches:
Dungeon (2/15)

Altars:


Message History

You completely miss the adder.
The adder is severely wounded.
The adder bites you.
You are more poisoned.
The adder poisons you!
You miss the adder.
The adder is severely wounded.
You feel sick. The adder bites you.
You miss the adder.
The adder is severely wounded.
You feel sick. The adder misses you. The adder bites you.
You closely miss the adder.
The adder is severely wounded.
The adder bites you.
* * * LOW HITPOINT WARNING * * *
You miss the adder.
The adder is severely wounded.
* * * LOW HITPOINT WARNING * * *
You feel sick. The adder bites you.
You die...

.# ####.# ..#...
#.#..# #.#..# #..###
#.#B.### .....
#.#S...# .... #.#@#
.## ... #..## #.#
#.. ##. #..# #.#
#.###... #..##
##.####.......
#...###.............
####...#.###.......#
##.##.###.......#
#.##..)...†....#
#...............


You could see an adder and a giant cockroach.

Vanquished Creatures
  An ooze (D:1)
  A leopard gecko (D:1)
  4 bats
  4 giant cockroaches (D:1)
  5 goblins (D:1)
  4 hobgoblins (D:1)
  6 kobolds
  3 frilled lizards (D:1)
  4 rats (D:1)
32 creatures vanquished.

Vanquished Creatures (others)
  6 plants (D:2)
6 creatures vanquished.

Grand Total: 38 creatures vanquished

Notes
Turn   | Place    | Note
-------+----------+-------------------------------------------
     0 | D:1      | muata the Merfolk Ice Elementalist began the quest for the
                  | Orb.
     0 | D:1      | Reached XP level 1. HP: 13/13 MP: 3/3
   369 | D:1      | Reached XP level 2. HP: 18/19 MP: 5/5
   846 | D:1      | Reached skill level 1 in Polearms
   969 | D:1      | Reached XP level 3. HP: 23/24 MP: 6/6
  1800 | D:2      | Slain by an adder

Illustrated notes

Levels and vault maps discovered:
D:1:      nagdon_arrival_double_spiral, layout_basic, minivault_24, st_stairs_4,
          corner_web_ring
D:2:      cheibrodos_old_hovel, layout_loops_ring, nicolae_ashenzari_panopticon,
          nicolae_overflow_hidden_temple, uniq_terence, uniq_robin

Skill      XL: |  1  2 |
---------------+-------+-----
Polearms       | 1 |  1.4
Dodging        | 3 |  3.2
Stealth        | |  2.5
Spellcasting   | |  2.3
Ice Magic      | |  4.9

Action                   || total
-------------------------++-------
Melee: Spear             ||    91
 Cast: Freeze            ||    23
 Stab: Sleeping          ||     1
Armor: Robe              ||    14
Dodge: Dodged            ||    87

Table legend: (Time is in decaauts)
 A = Elapsed time spent in this place.
 B = Non-inter-level travel time spent in this place.
 C = Inter-level travel time spent in this place.
 D = Time resting spent in this place.
 E = Time spent auto-exploring this place.
 F = Levels seen in this place.
 G = Mean time per level.
                   A        B        C        D        E       F      G
               +--------+--------+--------+--------+--------+-----+--------+
         Total |   1781 |   1776 |      5 |    223 |   1189 |   2 |  890.5 |
       Dungeon |   1781 |   1776 |      5 |    223 |   1189 |   2 |  890.5 |
               +--------+--------+--------+--------+--------+-----+--------+

Top non-repeatable levels by time:
     D:1: 1644 daAuts
     D:2: 136 daAuts
